 Dungeon Crawl Stone Soup version 0.18-a0-1292-ge8ad84c (webtiles) character file.

193 Ijustatesigmund the Cudgeler (level 5, -1/42 HPs)
             Began as a Demonspawn Fighter on Feb 9, 2016.
             Was an Initiate of Okawaru.
             Killed from afar by an orc wizard (8 damage)
             ... with a puff of frost
             ... on level 4 of the Dungeon.
             The game lasted 00:05:08 (3371 turns).

Ijustatesigmund the Cudgeler (Demonspawn Fighter)   Turns: 3371, Time: 00:05:09

Health: -1/42      AC: 10    Str: 16    XL:     5   Next: 44%
Magic:  5/5        EV:  6    Int: 10    God:    Okawaru [......]
Gold:   161        SH:  8    Dex: 13    Spells: 0 memorised, 4 levels left

rFire  . . .     SeeInvis .     a - +1 flail
rCold  . . .     Gourm    .     b - +0 scale mail
rNeg   . . .     Faith    .     c - +0 shield
rPois  +         Spirit   .     j - +2 helmet
rElec  .         Dismiss  .     (no cloak)
rCorr  .         Reflect  .     v - +0 pair of gloves
SustAt .         Harm     .     (no boots)
MR     .....                    (no amulet)
Stlth  ++........               (no ring)
                                g - ring of poison resistance

@: not resistant to hostile enchantments, unstealthy
A: nightstalker 2
a: Renounce Religion


You were on level 4 of the Dungeon.
You worshipped Okawaru.
Okawaru was noncommittal.
You were very hungry.

You visited 1 branch of the dungeon, and saw 4 of its levels.

You collected 161 gold pieces.

Inventory:

Hand Weapons
 a - a +1 flail (weapon)
 n - a +1 hunting sling of evasion
Missiles
 d - 38 sling bullets
Armour
 b - a +0 scale mail (worn)
 c - a +0 shield (worn)
 j - a +2 helmet (worn)
 v - a +0 pair of gloves (worn)
Jewellery
 g - a ring of poison resistance (left hand)
Scrolls
 k - a scroll of enchant weapon
 o - 3 scrolls of remove curse
 r - a scroll of identify {unknown}
 s - a scroll of fog
 u - a scroll of teleportation {unknown}
Potions
 e - 2 potions of invisibility {unknown}
 h - a potion of resistance {unknown}
 i - 2 potions of curing {unknown}
 l - a potion of cancellation {unknown}
 m - a potion of degeneration {unknown}
 p - 3 potions of haste {unknown}
 t - 3 potions of cure mutation {unknown}
Comestibles
 f - 4 bread rations
 q - a slice of pizza
 w - a fruit


   Skills:
 + Level 4.2 Fighting
 + Level 4.2 Maces & Flails
 - Level 2.6 Armour
 - Level 2.6 Shields
 + Level 1.1 Invocations


You had 4 spell levels left.
You didn't know any spells.

Dungeon Overview and Level Annotations

Branches:
Dungeon (4/15)
 Temple: D:4-7

Altars:
Okawaru


Innate Abilities, Weirdness & Mutations

You are significantly more attuned to the shadows.


Message History

The orc priest looks braver for a moment.
You closely miss the orc.
The orc is severely wounded.
You block the orc's attack. The orc hits you but does no damage.
You thump the orc!
You kill the orc!
Okawaru accepts your kill. Something hits you.
You sock something! You block something's attack. x2
You barely miss something.
Something hits you but does no damage. x2
The orc priest invokes the aid of Beogh against you.
You miss something. Something hits you but does no damage.
You miss something. Something hits you but does no damage.
The orc priest invokes the aid of Beogh against you.
Something smites you!
* * * LOW HITPOINT WARNING * * *
You hear some strange, mumbled words.
A puff of frost appears from out of thin air!
The puff of frost hits you!
You die... .# #w .# #o .###o ##+# .Zo

##...## #)# #.....##
####@# .......##
##.##.####
........####.........#
........'.......#.##.#
........####....#.#
.......## #......#
#.....## #.##....
##...## #.######
........ .#


You could see a worm, an orc priest, 2 orcs and a giant gecko skeleton.

Vanquished Creatures
  A centaur skeleton (D:4)
  Robin (D:2)
  6 adders
  An ooze (D:1)
  4 worms
  3 giant geckos
  4 orcs
  4 bats
  4 giant cockroaches
  12 goblins
  8 hobgoblins
  6 jackals
  6 quokkas
  5 giant newts
  6 kobolds
  5 rats
76 creatures vanquished.

Notes
Turn   | Place    | Note
--------------------------------------------------------------
     0 | D:1      | Ijustatesigmund the Demonspawn Fighter began the quest for the Orb.
     0 | D:1      | Reached XP level 1. HP: 18/18 MP: 1/1
   190 | D:1      | Gained mutation: You are slightly more attuned to the shadows. [demonic ancestry]
   190 | D:1      | Reached XP level 2. HP: 24/24 MP: 2/2
  1128 | D:2      | Reached XP level 3. HP: 25/29 MP: 3/3
  1337 | D:2      | Reached XP level 4. HP: 11/37 MP: 4/4
  1652 | D:2      | Noticed Robin
  1656 | D:2      | Killed Robin
  1956 | D:2      | Found a faded altar to an unknown god.
  2144 | D:2      | Reached skill level 4 in Fighting
  2411 | D:3      | Gained mutation: You are significantly more attuned to the shadows. [demonic ancestry]
  2411 | D:3      | Reached XP level 5. HP: 30/42 MP: 5/5
  2550 | D:3      | Found an iron altar of Okawaru.
  2581 | D:3      | Became a worshipper of Warmaster Okawaru
  3333 | D:4      | Reached skill level 1 in Invocations
  3371 | D:4      | Killed from afar by an orc wizard

Vault maps used:
D:1:      eino_arrival_cavern_b, serial_forest, infiniplex_forest_lined_room_3,
          infiniplex_forest_straight_2, infiniplex_forest_fountain,
          infiniplex_forest_3_way, infiniplex_forest_end_2,
          infiniplex_forest_clump_small, infiniplex_forest_straight_2,
          infiniplex_forest_lined_room_2, infiniplex_forest_straight_2
D:2:      kennysheep_big_flooded_room, ecumenical_altar_2, uniq_robin
D:3:      okawaru_trees_1
D:4:      first_bread, minivault_11

Action                   |  1- 3 |  4- 6 || total
-------------------------+-------+-------++-------
Melee: Flail             |   125 |   157 ||   282
  Use: Scroll            |     1 |     3 ||     4
       Potion            |     1 |     1 ||     2
 Stab: Sleeping          |       |     2 ||     2
  Eat: Chunk             |     1 |     5 ||     6
       Fruit             |       |     1 ||     1
